 Dungeon Crawl Stone Soup version 0.25.0-15-gac7dcb8919 (webtiles) character file.

Game seed: 7985131865387014661

83 Descartes the Shield-Bearer (level 4, -5/23 HPs)
             Began as a Vine Stalker Fighter on June 28, 2020.
             Splashed by Ijyb's acid (9 damage)
             ... on level 2 of the Dungeon.
             The game lasted 00:03:34 (1446 turns).

Descartes the Shield-Bearer (Vine Stalker Fighter)  Turns: 1446, Time: 00:03:36

Health: -5/23      AC:  4    Str: 18    XL:     4   Next: 44%
Magic:  0/5        EV:  8    Int:  9    God:
Gold:   67         SH: 10    Dex: 14    Spells: 3/3 levels left

rFire    . . .     SeeInvis .   a - +1 long sword
rCold    . . .     Gourm    .   c - +0 kite shield
rNeg     . . .     Faith    .   k - +0 leather armour (curse)
rPois    .         Spirit   +   j - +0 helmet
rElec    .         Reflect  .   (no cloak)
rCorr    .         Harm     .   (no gloves)
MR       .....                  (no boots)
Stlth    +.........             (no amulet)
HPRegen  0.47/turn              (no ring)
MPRegen  0.09/turn              (no ring)

@: no status effects
A: fangs 2, regeneration 1, magic shield, antimagic bite, no potion heal 3, rot
immunity
a: no special abilities


You were on level 2 of the Dungeon.
You were not hungry.

You visited 1 branch of the dungeon, and saw 2 of its levels.

You collected 67 gold pieces.

Inventory:

Hand Weapons
 a - a +1 long sword (weapon)
Missiles
 e - 90 stones (quivered)
Armour
 b - a +0 scale mail
 c - a +0 kite shield (worn)
 j - a +0 helmet (worn)
 k - a cursed +0 leather armour (worn)
 o - a +0 plate armour
Scrolls
 l - 2 scrolls of amnesia
Potions
 d - a potion of might
 g - 2 potions of cancellation
 i - 3 potions of curing
 m - a potion of magic {unknown}
 n - a potion of berserk rage
 q - 2 potions of haste
Comestibles
 f - 3 rations
 h - 11 chunks of flesh


   Skills:
 - Level 2.6 Fighting
 - Level 1.7 Long Blades
 - Level 2.4 Armour
 + Level 4.6 Shields


You had 3 spell levels left.
You didn't know any spells.
Your spell library was empty.

Dungeon Overview and Level Annotations

Branches:
Dungeon (2/15)

Altars:
Trog

Annotations:
D:2 Ijyb


Innate Abilities, Weirdness & Mutations

You have extremely sharp teeth.
Your natural rate of healing is unusually fast.
When hurt, damage is shared between your health and your magic reserves.
Your bite disrupts and absorbs the magic of your enemies.
Potions cannot restore your health.
You are immune to rotting.


Message History

The goblin shouts!
Ijyb shouts!
The goblin shouts!
Ijyb screams, "Die!"
The goblin barely misses you.
You slash the goblin!
You kill the goblin!
You block the goblin's attack.
You hit the goblin. You bite the goblin.
You kill the goblin!
Ijyb hits you with a +0 club.
Items here: )) †† a +0 club; a +0 dagger; a goblin corpse x2
You closely miss Ijyb. Your bite misses Ijyb. Ijyb hits you but does no damage.
You hit Ijyb but do no damage.
The goblin hits you with a cursed -3 dagger.
Ijyb zaps a wand.
The bolt of acid hits you!!
Ouch! That really hurt!
* * * LOW HITPOINT WARNING * * *
You are splashed with acid!
You die...

##### #.......# #...#
#.......# #...#
#####(......# #
#...## #...#.......#
####### #...†#
#.#.........# ......#
#....####.###.......#
......# #...g...#.#
#.......# ......#
#..gg##...###.......#
......#
####@###............#
......# #.#
##g#.......###
......## #.#
#.g.#####...#
.......#####
#.####.g## ###..
####.#.....#
#.##....#### ##. #
#.#####.###
#.##.......# #. #.#
#.#.###.##..g....# ##
#..
#.#...#.##8..g..8#
##.
#.#.#....#.......#


You could see Ijyb and 2 goblins.

Vanquished Creatures
  A hound (D:2)
  An adder (D:2)
  An ooze (D:1)
  A worm (D:2)
  2 dart slugs (D:1)
  A giant cockroach (D:1)
  4 goblins
  5 hobgoblins (D:1)
  4 jackals (D:2)
  6 kobolds (D:1)
  4 bats
  2 frilled lizards (D:1)
  3 rats
35 creatures vanquished.

Notes
Turn   | Place    | Note
-------+----------+-------------------------------------------
     0 | D:1      | Descartes the Vine Stalker Fighter began the quest for the
                  | Orb.
     0 | D:1      | Reached XP level 1. HP: 11/11 MP: 2/2
   240 | D:1      | Reached skill level 3 in Shields
   240 | D:1      | Reached XP level 2. HP: 15/16 MP: 1/3
   656 | D:1      | Reached XP level 3. HP: 19/19 MP: 4/4
  1065 | D:2      | Found a bloodstained altar of Trog.
  1137 | D:2      | Reached skill level 4 in Shields
  1288 | D:2      | Gained mutation: Your natural rate of healing is unusually
                  | fast. [Vine Stalker growth]
  1288 | D:2      | Reached XP level 4. HP: 7/23 MP: 2/5
  1427 | D:2      | Noticed Ijyb
  1446 | D:2      | Splashed by Ijyb's acid

Illustrated notes

Levels and vault maps discovered:
D:1:      saegor_arrival_simple_d, layout_rooms
D:2:      kennysheep_the_goblin_king, layout_rooms,
          lemuel_coloured_pillars_altar, uniq_natasha

Skill      XL: |  1  2  3 |
---------------+----------+-----
Shields        | 3 4 |  4.6
Fighting       | |  2.6
Long Blades    | |  1.7
Armour         | |  2.4

Action                   |  1- 3 |  4- 6 || total
-------------------------+-------+-------++-------
Melee: Long sword        |    77 |    18 ||    95
       Bite              |    27 |     3 ||    30
  Use: Scroll            |     4 |     4 ||     8
  Eat: Chunk             |     1 |     1 ||     2
Armor: Scale mail        |    10 |       ||    10
       Leather armour    |    16 |     6 ||    22
Dodge: Dodged            |    21 |     4 ||    25
Block: Kite shield       |    41 |     9 ||    50
       Rpst.: Long sword |     7 |     1 ||     8
